[Event "Team 45 45 League T40"]
[Site "Internet Chess Club"]
[Date "2009.02.01"]
[Round "1"]
[White "pestka"]
[Black "GeofDeV"]
[Result "1-0"]
[WhiteElo "2233"]
[BlackElo "1909"]
[Opening "QGD: Tartakower (Makagonov-Bondarevsky) system, 8.cd Nxd5"]
[ECO "D59"]
[Time "09:08:44"]
[TimeControl "2700+45"]

1. d4 d5 2. c4 e6 3. Nc3 Nf6 4. Nf3 Be7 5. Bg5 h6 6. Bh4 O-O 7. e3 b6 8. cxd5
Nxd5 9. Bxe7 Qxe7 10. Nxd5 exd5 11. Bd3 Be6 12. O-O c5 13. dxc5 bxc5 14. Rc1 Nd7
15. Qa4 Rfb8 16. b3 Rb4 17. Qa5 Qd8 18. Qxd8+ Rxd8 19. Rfd1 a5 20. h3 Ra8 21.
Be2 a4 22. Ne1 axb3 23. axb3 Ra5 24. Bf3 c4 25. bxc4 dxc4 26. Nc2 Rba4 27. Bc6
Nc5 28. Bxa4 Rxa4 29. Ra1 Rxa1 30. Rxa1 Bf5 31. Nd4 Bd3 32. Ra8+ Kh7 33. Rc8 Ne4
34. Nb5 Kg6 35. f3 Nd2 36. Na3 f5 37. Kf2 Kg5 38. Ke1 Nf1 39. Kf2 Nd2 40. Rc7 g6
41. Rc6 h5 42. h4+ Kxh4 43. Rxg6 f4 44. Rc6 fxe3+ 45. Kxe3 Nf1+ 46. Kf2 Nd2 47.
Rc5 Nb3 48. g3+ {Black resigns} 1-0

[Event "Team 45 45 League T40"]
[Site "Internet Chess Club"]
[Date "2009.02.01"]
[Round "1"]
[White "taulanipov"]
[Black "tourettes"]
[Result "1-0"]
[WhiteElo "2116"]
[BlackElo "1738"]
[Opening "French: advance, Nimzovich variation"]
[ECO "C02"]
[Time "11:05:12"]
[TimeControl "2700+45"]

1. e4 e6 2. d4 d5 3. e5 c5 4. Qg4 cxd4 5. Nf3 Nc6 6. Bd3 Nb4 7. O-O Nxd3 8. cxd3
Ne7 9. Nxd4 Ng6 10. Qg3 Bd7 11. Nc3 a6 12. Nf3 Be7 13. d4 O-O 14. Bg5 Bxg5 15.
Nxg5 Qb6 16. Rfd1 h6 17. Nh3 Rac8 18. Rab1 Qd8 19. Rd3 Qh4 20. Qxh4 Nxh4 21. g3
Ng6 22. f4 f5 23. exf6 Rxf6 24. Nf2 b5 25. Re1 b4 26. Ncd1 h5 27. b3 h4 28. Rde3
hxg3 29. hxg3 Rc2 30. R3e2 Rc1 31. Nd3 Rc7 32. Nxb4 a5 33. Nd3 Bb5 34. Re3 Nf8
35. Nc5 g6 36. Nc3 Be8 37. Nxd5 exd5 38. Rxe8 Kf7 39. Rxf8+ Kxf8 40. Ne6+ Rxe6
41. Rxe6 Kf7 42. Re5 Rc1+ 43. Kf2 Rc2+ 44. Re2 {Black resigns} 1-0

[Event "Team 45 45 League T40"]
[Site "Internet Chess Club"]
[Date "2009.02.02"]
[Round "1"]
[White "vollmerj"]
[Black "Marichan"]
[Result "1-0"]
[WhiteElo "1748"]
[BlackElo "1766"]
[Opening "Pirc: classical (two knights) system"]
[ECO "B08"]
[Time "19:00:06"]
[TimeControl "2700+45"]

1. e4 d6 2. d4 Nf6 3. Nc3 g6 4. Nf3 Bg7 5. Bc4 O-O 6. O-O Nxe4 7. Nxe4 d5 8.
Ned2 dxc4 9. Nxc4 Bg4 10. Be3 Qd5 11. Nce5 Nc6 12. Nxg4 h5 13. Nge5 Nxe5 14.
dxe5 Qe6 15. b3 Bxe5 16. Nxe5 Qxe5 17. Qd4 Qe6 18. Bh6 f6 19. Bxf8 Rxf8 20. Rfe1
Qf7 21. Qxa7 Rd8 22. Qxb7 e5 23. Qe4 Rd4 24. Qe3 Qd7 25. c4 Rd3 26. Qe4 Kg7 27.
c5 Rd4 28. Qa8 Rd2 29. c6 Qd4 30. Rf1 e4 31. Qb7 Qe5 32. Qa7 Rc2 33. Rad1 Rxc6
34. Rd7+ Kh6 35. Qe3+ g5 36. Rd4 f5 37. Rfd1 Re6 38. Rd5 Qf6 39. h4 Qg6 40.
Qxg5+ Qxg5 41. hxg5+ Kxg5 42. Rc5 Re7 43. Rdd5 Rf7 44. a4 Kg6 45. a5 Re7 46.
Rxf5 e3 47. fxe3 Rxe3 48. Rxh5 Re1+ 49. Kh2 Rb1 50. Rh3 Ra1 51. b4 Ra4 52. Rb3
Kf6 53. Rxc7 Ke6 54. Ra7 Kd6 55. b5 Kc5 56. b6 Kc6 57. b7 Rh4+ 58. Kg3 Rh7 59.
b8=Q Rxa7 60. Qxa7 {Black resigns} 1-0

[Event "Team 45 45 League T40"]
[Site "Internet Chess Club"]
[Date "2009.02.01"]
[Round "1"]
[White "RiverOfLife"]
[Black "Ptzz"]
[Result "1/2-1/2"]
[WhiteElo "2104"]
[BlackElo "2121"]
[Opening "Sicilian: accelerated fianchetto, Maróczy bind"]
[ECO "B36"]
[Time "11:00:29"]
[TimeControl "2700+45"]

1. e4 c5 2. Nf3 g6 3. d4 cxd4 4. Nxd4 Nc6 5. c4 Nf6 6. Nc3 d6 7. Be2 Nxd4 8.
Qxd4 Bg7 9. Be3 O-O 10. Qd2 Be6 11. f3 Qa5 12. Rc1 Rfc8 13. b3 a6 14. Na4 Qxd2+
15. Kxd2 Nd7 16. g4 Rc6 17. h4 h6 18. Nc3 b5 19. Nd5 Kf8 20. Nf4 b4 21. Nxe6+
fxe6 22. f4 Bc3+ 23. Kc2 Nc5 24. Bf3 e5 25. fxe5 Bxe5 26. Bxh6+ Ke8 27. Be3 a5
28. Bxc5 dxc5 29. Kb1 a4 30. Bd1 axb3 31. Bxb3 Rd6 {Game drawn by mutual
agreement} 1/2-1/2

[Event "Team 45 45 League T40"]
[Site "Internet Chess Club"]
[Date "2009.02.02"]
[Round "1"]
[White "Zumbi"]
[Black "PawnMorphy"]
[Result "0-1"]
[WhiteElo "2053"]
[BlackElo "1903"]
[Opening "Sicilian defense"]
[ECO "B40"]
[Time "20:07:29"]
[TimeControl "2700+45"]

1. e4 c5 2. Nf3 e6 3. b3 b6 4. Bb2 Bb7 5. e5 Ne7 6. Na3 Nbc6 7. Nb5 Nf5 8. Bd3
Nb4 9. Bxf5 exf5 10. O-O Be7 11. d4 a6 12. Nd6+ Bxd6 13. exd6 O-O 14. dxc5 bxc5
15. a3 Bxf3 16. Qxf3 Nxc2 17. Qc3 Nd4 18. Qxc5 Ne2+ 19. Kh1 Qg5 20. Rae1 Nf4 21.
g3 Nd3 22. Bc1 Qg6 23. Qd5 Nxe1 24. Rxe1 Rfe8 25. Re7 Rac8 26. Be3 Rxe7 27. dxe7
Qe6 28. Qb7 Qe4+ 29. Qxe4 fxe4 30. Bc5 f5 31. b4 Kf7 32. Kg2 Rc6 33. g4 g6 34.
gxf5 gxf5 35. Kg3 d6 36. Bd4 Kxe7 37. Kf4 Ke6 38. f3 d5 39. fxe4 dxe4 40. Bh8
Rc2 41. a4 Rxh2 42. b5 axb5 43. axb5 Rh1 44. b6 Rd1 45. Ke3 Rd3+ 46. Ke2 h5 47.
Bg7 h4 48. Bh6 Rb3 49. Be3 Rxe3+ 50. Kxe3 Kd7 51. Kf4 Kc6 52. Kxf5 e3 {White
resigns} 0-1

[Event "Team 45 45 League T40"]
[Site "Internet Chess Club"]
[Date "2009.02.01"]
[Round "1"]
[White "Rlopez"]
[Black "mitus"]
[Result "1-0"]
[WhiteElo "1692"]
[BlackElo "1890"]
[Opening "Nimzo-Indian: Leningrad variation"]
[ECO "E30"]
[Time "13:03:35"]
[TimeControl "2700+45"]

1. d4 Nf6 2. c4 e6 3. Nc3 Bb4 4. Bg5 c5 5. Nf3 d5 6. cxd5 exd5 7. Rc1 h6 8. Bh4
g5 9. Bg3 Ne4 10. e3 Qa5 11. Qc2 Bf5 12. Bd3 Nxg3 13. hxg3 Bxc3+ 14. bxc3 Bxd3
15. Qxd3 Nd7 16. Nxg5 Qb6 17. Qf5 Qg6 18. Qxg6 fxg6 19. Ke2 Ke7 20. Nf3 c4 21.
Rh3 g5 22. Rh5 Nf6 23. Rh2 Ne4 24. Nd2 Nxd2 25. Kxd2 Raf8 26. Ke2 b5 27. Rb1 a6
28. Rbh1 Rf6 29. Rh5 Rg6 30. f3 a5 31. Rb1 Rb8 32. a3 Rbb6 33. Kf2 Rb7 34. f4 b4
35. cxb4 axb4 36. axb4 gxf4 37. gxf4 Rd6 38. Ke2 Kd7 39. g4 Kc6 40. g5 hxg5 41.
Rxg5 Kb5 42. e4 Ka4 43. e5 Rh6 44. Rg2 Rh5 45. Rg8 c3 46. b5 Rh2+ 47. Kd3 Rh3+
48. Ke2 Rh2+ 49. Kf3 Rb2 50. Rc1 c2 51. Rc8 Rb3+ 52. Kg4 Rg7+ 53. Kf5 Rf7+ 54.
Ke6 Rxf4 55. R1xc2 Rxd4 56. R2c5 Rxb5 57. Rxb5 Kxb5 58. Kd6 Ra4 59. e6 Ra6+ 60.
Kxd5 Ra7 61. Kd6 Ra6+ 62. Kd7 Ra1 63. e7 Rd1+ 64. Kc7 {Black resigns} 1-0

[Event "Team 45 45 League T40"]
[Site "Internet Chess Club"]
[Date "2009.02.02"]
[Round "1"]
[White "AntonioMendonca"]
[Black "AVEMARIA"]
[Result "1-0"]
[WhiteElo "1687"]
[BlackElo "1694"]
[Opening "English: symmetrical variation"]
[ECO "A16"]
[Time "15:25:23"]
[TimeControl "2700+45"]

1. c4 Nf6 2. Nc3 c5 3. g3 Nc6 4. Bg2 e6 5. e4 a6 6. Nge2 Qc7 7. O-O Be7 8. d4
cxd4 9. Nxd4 d6 10. Be3 Bd7 11. f4 h5 12. Nxc6 Bxc6 13. Qd3 Rd8 14. Qc2 Ng4 15.
Bd4 e5 16. Bf2 Nxf2 17. Rxf2 h4 18. Nd5 Bxd5 19. cxd5 Qd7 20. Rc1 hxg3 21. hxg3
Qg4 22. fxe5 Qxg3 23. Qa4+ Kf8 24. e6 Bf6 25. Rc7 Qe3 26. Rxf7+ Kg8 27. Qc2 Bd4
28. Kf1 Re8 29. R7f3 Qg5 30. Qd2 Qe5 {Black resigns} 1-0